 Dungeon Crawl Stone Soup version 0.29-a0-998-g1987434951 (webtiles) character file.

Game seed: 2557852409036360670

7132 zishaf the Party-goer (level 11, -1/58 HPs)
             Began as a Vine Stalker Brigand on Aug 5, 2022.
             Was a Follower of Uskayaw.
             Succumbed to their own poison gas
             ... on level 10 of the Dungeon.
             The game lasted 00:16:56 (8616 turns).

zishaf the Party-goer (Vine Stalker Brigand)        Turns: 8616, Time: 00:16:56

Health: -1/58      AC: 12    Str: 17    XL:     11   Next: 10%
Magic:  2/19       EV: 11    Int: 10    God:    Uskayaw [*.....]
Gold:   631        SH:  6    Dex: 20    Spells: 10/10 levels left

rFire   . . .      SeeInvis .   a - +6 dagger "Ufutti Ipum" {flame, rCorr Stlth+}
rCold   . . .      Faith    .   F - +0 buckler
rNeg    . . .      Spirit   +   H - +0 acid dragon scales
rPois   .          Reflect  .   (no helmet)
rElec   .          Harm     .   s - +2 cloak
rCorr   +          Rampage  .   u - +1 pair of gloves
Will    +....                   z - +0 pair of boots
Stlth   +++++.....              (no amulet)
HPRegen 0.99/turn               l - ring of flight
MPRegen 0.16/turn               (no ring)

@: lethally poisoned (-1 -> -6), flying
A: fangs 3, regeneration 1, magic shield, antimagic bite, no potion heal 2,
strong 1
a: Renounce Religion, Stomp


You were on level 10 of the Dungeon.
You worshipped Uskayaw.
Uskayaw was aware of your devotion.
You visited 2 branches of the dungeon, and saw 11 of its levels.
You also visited: Sewer.

You collected 631 gold pieces.

Inventory:

Hand Weapons
 a - the +6 dagger "Ufutti Ipum" (weapon) {flame, rCorr Stlth+}
   (You found it on level 3 of the Dungeon)

   It burns those it strikes, dealing additional fire damage.
   rCorr:     It protects you from acid and corrosion.
   Stlth:     It makes you more stealthy.
 b - a +0 dagger of venom
 x - a +3 dagger
Missiles
 d - 25 poisoned darts
 e - 3 curare-tipped darts (quivered)
 p - 9 boomerangs
 E - 2 throwing nets
Armour
 f - a +0 ring mail
 s - a +2 cloak (worn)
 u - a +1 pair of gloves (worn)
 z - a +0 pair of boots (worn)
 F - a +0 buckler (worn)
 H - +0 acid dragon scales (worn)
Jewellery
 l - a ring of flight (left hand)
Wands
 y - a wand of iceblast (12)
 D - a wand of polymorph (6)
 L - a wand of mindburst (8)
Scrolls
 c - a scroll of magic mapping
 j - a scroll of enchant weapon
 A - 2 scrolls of enchant armour
 G - 2 scrolls of fog
 I - 2 scrolls of vulnerability
 J - a scroll of blinking
Potions
 g - 2 potions of brilliance
 h - a potion of berserk rage {unknown}
 i - a potion of ambrosia {unknown}
 m - 3 potions of haste
 n - a potion of cancellation {unknown}
 o - 3 potions of might
 q - 2 potions of degeneration {unknown}
 r - 3 potions of attraction
 t - 9 potions of curing
 v - 2 potions of mutation
 w - 3 potions of flight {unknown}
 B - a potion of experience {unknown}
 C - a potion of magic {unknown}


   Skills:
 + Level 7.3 Fighting
 - Level 6.0 Short Blades
 - Level 4.0 Throwing
 + Level 0.0 Armour
 - Level 1.0 Dodging
 - Level 9.0 Stealth
 - Level 5.0 Shields
 + Level 9.4 Invocations
 + Level 3.0 Evocations


You had 10 spell levels left.
You didn't know any spells.
Your spell library contained the following spells:

 Spells                   Type           Power      Damage    Failure   Level
 Sandblast                Erth           0%         2d4       56%         1
 Sting                    Tmut/Pois      0%         1d3       56%         1
 Ensorcelled Hibernation  Hex/Ice        0%         N/A       71%         2
 Passwall                 Tmut/Erth      0%         N/A       71%         2
 Poisonous Vapours        Pois/Air       0%         N/A       71%         2
 Stone Arrow              Conj/Erth      0%         3d7       90%         3
 Swiftness                Air            0%         N/A       90%         3
 Olgreb's Toxic Radiance  Pois           0%         N/A       100%        4


Dungeon Overview and Level Annotations

Branches:
Dungeon (10/15)            Temple (1/1) D:4            Lair (0/5) D:10
  Sewer (visited)
    Orc: D:9-12

Altars:
Cheibriados
Dithmenos
Elyvilon
Fedhas
Gozag
Hepliaklqana
Kikubaaqudgha
Makhleb
Nemelex Xobeh
Okawaru
Qazlal
Ru
Sif Muna
Trog
Uskayaw
Vehumet
Wu Jian
Xom
Yredelemnul
Zin
The Shining One


Innate Abilities, Weirdness & Mutations

You have razor-sharp teeth.
Your natural rate of healing is unusually fast.
When hurt, damage is shared between your health and your magic reserves.
Your bite disrupts and absorbs the magic of your enemies.
Potions cannot restore your health.
Your muscles are strong. (Str +4, Int/Dex -1)


Message History

As you read the scroll of poison, it crumbles to dust.
The orc wizard hits you but does no damage.
You are poisoned.
The orc warrior hits you but does no damage.
The orc barely misses you.
Really fly into that cloud of poison gas?
You are engulfed in poison gas.
You are more poisoned.
You feel very sick.
The orc priest is engulfed in poison gas.
The orc priest is poisoned.
The orc wizard mumbles some strange words.
The orc wizard flickers and vanishes!
Deactivating autopickup; reactivate with Ctrl-A.
The orc priest is engulfed in poison gas.
The orc priest is poisoned.
As you read the scroll of teleportation, it crumbles to dust.
You feel strangely unstable.
You are engulfed in poison gas.
You are more poisoned.
* * * LOW HITPOINT WARNING * * *
You feel extremely sick.
The orc priest is engulfed in poison gas.
The orc priest looks even sicker.
The orc priest is engulfed in poison gas.
The orc priest looks even sicker.
Your system rejects the healing.
You feel better.
You are engulfed in poison gas.
You are poisoned.
* * * LOW HITPOINT WARNING * * *
You feel very sick. The orc priest barely misses you.
The orc warrior hits you from afar with a +0 trident!
* * * LOW HITPOINT WARNING * * *
The orc is engulfed in poison gas.
The orc is poisoned.
The orc priest calls upon Beogh to heal the orc.
The orc's wounds heal themselves!
Your system rejects the healing.
You feel better.
You are engulfed in poison gas.
You are lethally poisoned!
Your surroundings suddenly seem different.
You die...

# ##..# #........#.#
###...# #..#####.#$#
##....#######..####..#.#
...............#........
≈≈≈≈≈≈.######.#.........
≈≈≈≈≈≈............Y....Y
####≈≈?.#####.........
#≈≈..# ...#...#.>
#≈≈.### ## #@..# .
#≈≈.#.. #........
#≈≈.#.# #Y.......
#≈≈.#.# #........
####≈≈.#.####....#...##.
≈≈≈≈≈≈........##...#.#
≈≈≈≈≈≈...####.###.....
.......#.# .##.##
########.# ###.


You could see 3 death yaks.

Vanquished Creatures
  Amaemon (D:9)
  An orange demon (D:9)
  Prince Ribbit (D:7)
  A shadow (D:9)
  2 wyverns
  5 yaks (D:8)
  2 steam dragons
  A water moccasin (D:6)
  2 acid dragons
  4 ice beasts
  A sky beast (D:8)
  7 orc warriors
  4 black bears
  2 ogres
  3 centaurs
  3 phantoms
  Blork the orc (D:5)
  4 kobold brigands (Sewer)
  A necrophage (D:5)
  4 scorpions
  A gnoll sergeant (D:10)
  5 wights (D:8)
  3 killer bees (D:8)
  2 hounds
  4 jellies
  Crazy Yiuf (D:7)
  3 gnoll boudas
  6 orc priests
  4 iguanas
  6 orc wizards
  Ijyb (D:3)
  15 gnolls
  7 adders
  2 shadow imps
  3 white imps
  A worm (D:2)
  2 dart slugs
  44 orcs
  8 ball pythons
  9 endoplasms
  5 giant cockroaches
  7 goblins
  6 hobgoblins
  3 jackals (D:1)
  22 kobolds
  2 quokkas
  7 bats
  2 frilled lizards
  4 rats
235 creatures vanquished.

Vanquished Creatures (others)
  A wizard (D:9)
  9 plants (D:3)
10 creatures vanquished.

Grand Total: 245 creatures vanquished

Notes
Turn   | Place    | Note
-------+----------+-------------------------------------------
     0 | D:1      | zishaf the Vine Stalker Brigand began the quest for the
                  | Orb.
     0 | D:1      | Reached XP level 1. HP: 11/11 MP: 2/2
   633 | D:1      | Reached skill level 1 in Dodging
   633 | D:1      | Reached XP level 2. HP: 12/15 MP: 3/3
   635 | D:1      | Reached skill level 5 in Stealth
  1008 | D:2      | Found a faded altar of an unknown god.
  1323 | D:2      | Reached XP level 3. HP: 18/18 MP: 4/4
  2212 | D:3      | Gained mutation: Your natural rate of healing is unusually
                  | fast. [Vine Stalker growth]
  2212 | D:3      | Reached XP level 4. HP: 23/23 MP: 5/5
  2258 | D:3      | Identified the +6 dagger "Ufutti Ipum" {flame, rCorr
                  | Stlth+}
  2489 | D:3      | Noticed Ijyb
  2496 | D:3      | Killed Ijyb
  2497 | D:3      | Reached XP level 5. HP: 27/27 MP: 6/6
  2521 | D:4      | Noticed a phantom
  2538 | D:4      | Killed a phantom
  2584 | D:4      | Found a glowing drain.
  2588 | Sewer    | Entered a sewer
  2642 | Sewer    | Reached XP level 6. HP: 32/32 MP: 7/7
  2700 | Sewer    | Reached skill level 1 in Evocations
  2800 | Sewer    | Reached XP level 7. HP: 36/36 MP: 8/8
  2990 | D:4      | Found a staircase to the Ecumenical Temple.
  2997 | Temple   | Entered the Ecumenical Temple
  3041 | Temple   | Became a worshipper of Uskayaw the Reveller
  3237 | D:4      | Reached * piety under Uskayaw
  3569 | D:5      | Entered Level 5 of the Dungeon
  3579 | D:5      | Reached ** piety under Uskayaw
  3583 | D:5      | Reached skill level 1 in Invocations
  3614 | D:5      | Gained mutation: You have razor-sharp teeth. [Vine Stalker
                  | growth]
  3614 | D:5      | Reached XP level 8. HP: 42/42 MP: 7/10
  3674 | D:5      | Reached *** piety under Uskayaw
  3677 | D:5      | Reached **** piety under Uskayaw
  3786 | D:5      | Reached skill level 1 in Shields
  3826 | D:5      | Noticed Blork the orc
  3839 | D:5      | Killed Blork the orc
  3910 | D:5      | Gained mutation: Your muscles are strong. (Str +4, Int/Dex
                  | -1) [potion of mutation]
  4063 | D:5      | Found a sparkling altar of Nemelex Xobeh.
  4063 | D:5      | Found an iron altar of Okawaru.
  4546 | D:6      | Found a stormy altar of Qazlal.
  4633 | D:6      | Reached XP level 9. HP: 46/46 MP: 13/13
  4643 | D:6      | Reached skill level 5 in Fighting
  4771 | D:6      | Reached skill level 5 in Short Blades
  5011 | D:6      | Reached skill level 5 in Invocations
  5357 | D:7      | Noticed Prince Ribbit
  5365 | D:7      | Killed Prince Ribbit
  5618 | D:7      | Found a runed translucent door.
  5619 | D:7      | Noticed Crazy Yiuf
  5679 | D:7      | Found a sacrificial altar of Ru.
  5890 | D:7      | Killed Crazy Yiuf
  6137 | D:8      | Found a shimmering altar of Xom.
  6281 | D:8      | Reached XP level 10. HP: 29/53 MP: 11/15
  6283 | D:8      | Reached ***** piety under Uskayaw
  6293 | D:8      | Reached ****** piety under Uskayaw
  6370 | D:8      | Found a shimmering blue altar of Sif Muna.
  6584 | D:9      | Found a basalt altar of Yredelemnul.
  6586 | D:9      | Noticed a profane servitor
  6673 | D:9      | Found a shadowy altar of Dithmenos.
  6677 | D:9      | You are sucked into a shaft and drop 1 floor!
  6677 | D:10     | Entered Level 10 of the Dungeon
  6693 | D:10     | Found a staircase to the Lair.
  6693 | D:10     | Noticed a death yak
  6693 | D:10     | Noticed a death yak
  6809 | D:10     | Noticed a death yak
  7640 | D:9      | Found a bloodstained altar of Trog.
  7641 | D:9      | Noticed a wizard
  7647 | D:9      | Killed a wizard
  7738 | D:9      | Noticed Amaemon
  7739 | D:9      | Noticed an orange demon
  7757 | D:9      | Killed an orange demon
  7758 | D:9      | Reached skill level 5 in Shields
  7794 | D:9      | Killed Amaemon
  7795 | D:9      | Reached XP level 11. HP: 24/58 MP: 8/18
  8205 | D:9      | Found a glowing golden altar of the Shining One.
  8207 | D:9      | Noticed an angel
  8615 | D:10     | HP: 1/58 [orc warrior/+0 trident (9)]
  8616 | D:10     | Succumbed to their own poison gas

Illustrated notes

Levels and vault maps discovered:
D:1:      minmay_arrival_widening_spiral_narrow, layout_rooms, serial_glass,
          glass_columns_c, glass_columns_b, glass_columns_c, glass_columns_a,
          glass_columns_a, glass_columns_b
D:2:      layout_loops_corners, dreamdust_ecumenical_altar_angels_and_demons
D:3:      layout_rooms, serial_bayou_lake_a, uniq_ijyb
D:4:      layout_gridville, temple_doors_cd, gup_sewer_entry_bowl
D:5:      layout_cave_pools, gammafunk_temple_overflow_wave, uniq_blork_the_orc
D:6:      layout_basic, mainiacjoe_overflow_small_starburst,
          hangedman_decor_slide_cut
D:7:      layout_basic, mainiacjoe_overflow_alcove_1, uniq_prince_ribbit1,
          uniq_crazy_yiuf_cottage
D:8:      layout_cave_pools, lemuel_crystal_altar, brannock_xom_greatest_gift
D:9:      layout_roguey [special_room_orc], lemuel_doored_altar, trog_wizard,
          grunt_temple_overflow_holy_war, uniq_amaemon
D:10:     layout_loops_ring, dpeg_lair_monsters, erik_orc_2
Temple:   minmay_temple_bridge_abc

Skill      XL: |  1  2  3  4  5  6  7  8  9 10 |
---------------+-------------------------------+-----
Dodging        | 1 |  1.0
Throwing       | 2 3 4 |  4.0
Stealth        | 5 6 7 9 |  9.0
Fighting       | 2 3 4 5 7 |  7.3
Short Blades   | 2 3 4 5 6 |  6.0
Evocations     | 1 2 3 |  3.0
Invocations    | 1 4 6 9 |  9.4
Shields        | 2 3 5 |  5.0

Action                   |  1- 3 |  4- 6 |  7- 9 | 10-12 || total
-------------------------+-------+-------+-------+-------++-------
Melee: Dagger            |    95 |   103 |   199 |   225 ||   622
       Bite              |    17 |    21 |    50 |    87 ||   175
       Punch             |     1 |     1 |       |       ||     2
Throw: Dart              |       |     1 |     4 |     5 ||    10
Invok: Grand Finale      |       |       |       |     1 ||     1
  Use: Scroll            |       |     1 |    16 |     3 ||    20
       Potion            |       |       |     2 |     3 ||     5
 Stab: Sleeping          |    10 |    10 |    22 |     3 ||    45
       Distracted        |       |       |     1 |       ||     1
       Paralysed         |       |       |     7 |    10 ||    17
Armor: Ring mail         |    30 |    45 |    62 |    17 ||   154
       Acid dragon scale |       |       |       |    39 ||    39
Dodge: Dodged            |    40 |    29 |    69 |    84 ||   222
Block: Buckler           |       |       |    30 |    48 ||    78

Table legend: (Time is in decaauts)
 A = Elapsed time spent in this place.
 B = Non-inter-level travel time spent in this place.
 C = Inter-level travel time spent in this place.
 D = Time resting spent in this place.
 E = Time spent auto-exploring this place.
 F = Levels seen in this place.
 G = Mean time per level.
                   A        B        C        D        E       F      G
               +--------+--------+--------+--------+--------+-----+--------+
         Total |   8480 |   7987 |    493 |    283 |   5642 |  12 |  706.7 |
       Dungeon |   8133 |   7660 |    473 |    283 |   5472 |  10 |  813.3 |
        Temple |     65 |     45 |     20 |      0 |     32 |   1 |   65.0 |
         Sewer |    281 |    281 |      0 |      0 |    138 |   1 |  281.0 |
               +--------+--------+--------+--------+--------+-----+--------+

Top non-repeatable levels by time:
     D:9: 1129 daAuts
     D:2: 1128 daAuts
     D:6: 982 daAuts
     D:1: 942 daAuts
     D:8: 827 daAuts
     D:7: 732 daAuts
     D:4: 692 daAuts
     D:5: 634 daAuts
    D:10: 628 daAuts
     D:3: 435 daAuts
   Sewer: 281 daAuts
  Temple: 65 daAuts
